Map: Forêt cybernétique EC

Players

zuka - Winner!

  • Race: Protoss Protoss
  • League: Master
  • Spawn Location: 5:00

Onigami

  • Race: Terran Terran
  • League: Master
  • Spawn Location: 11:00

VOD

Have the link to the VOD?

Description

Time

  • Played on: April 20, 2019, 6:09 a.m.
  • Length: 12:02
Show
View Real Time Build Order
Export as new Build Order

zuka Protoss - Winner!

Build Orders: Oracle Opening 

Get SALT Encoding   

  12  0:01  Probe  
  13  0:13  Probe  
  14  0:20  Pylon  
  14  0:21  Probe  
  15  0:34  Probe  
  15  0:40  Gateway  
  16  0:45  Probe  
  16  0:47  Assimilator  
  17  0:57  Probe  
  18  1:05  Probe  
  19  1:13  Probe  
  20  1:24  Probe  
  21  1:29  Cybernetics Core  
  21  1:31  Zealot  
  23  1:35  Assimilator  
  23  1:40  Pylon  
  23  1:58  Probe  
  23  2:00  Adept  
  26  2:10  Probe  
  26  2:13  Stargate  
  28  2:22  Probe  
  28  2:29  Warp Gate  
  28  2:40  Nexus  
  28  2:47  Pylon  
  28  2:57  Adept  
  28  2:58  Oracle  
  30  3:02  Probe  
  34  3:14  Probe  
  35  3:26  Probe  
  34  3:31  Assimilator  
  34  3:34  Fleet Beacon  
  34  3:38  Probe  
  35  3:51  Probe  
  36  3:58  Probe  
  37  4:03  Probe  
  37  4:07  Tempest  
  38  4:10  Probe  
  38  4:15  Probe  
  40  4:19  Pylon  
  40  4:22  Probe  
  46  4:24  Pylon  
  46  4:26  Adept  
  46  4:27  Probe  
  49  4:39  Tempest  
  49  4:43  Shield Battery  
  49  4:50  Probe  
  55  4:53  Shield Battery  
  55  5:08  Tempest  
  57  5:59  Tempest  
  57  6:03  Shield Battery  
  55  6:04  Shield Battery  
  55  6:06  Shield Battery  
  55  6:09  Pylon  
  53  6:11  Gateway  
  58  6:20  Shield Battery  
  58  6:23  Shield Battery  
  53  6:34  Stalker  
  53  6:37  Tempest  
  60  6:49  Shield Battery  
  60  6:51  Shield Battery  
  60  6:52  Gateway  
  56  7:02  Shield Battery  
  56  7:05  Shield Battery  
  56  7:06  Tempest  
  51  7:17  Stalker x2  
  60  7:30  Shield Battery  
  55  7:41  Stalker x2  
  55  7:42  Tempest  
  59  7:50  Pylon  
  62  8:09  Shield Battery, Stalker x3  
  62  8:10  Shield Battery  
  68  8:17  Tempest  
  60  8:33  Pylon, Zealot x2  
  60  8:34  Zealot  
  71  8:54  Zealot  
  71  8:55  Zealot x2  
  73  9:00  Shield Battery  
  73  9:01  Shield Battery  
  73  9:02  Tempest  
  75  9:04  Shield Battery  
  78  9:30  Stalker x3  
  61  9:55  Tempest, Stalker x3  
  65  10:20  Stalker x3  
  71  10:33  Tempest  
  71  10:45  Stalker  
  71  10:46  Stalker x2  
  71  10:47  Probe x2  
  84  11:15  Stalker x3  
  88  11:25  Pylon  
  90  11:41  Probe  
Show
View Real Time Build Order
Export as new Build Order

Onigami Terran 

Build Orders: Reaper Expand 

Get SALT Encoding   

  12  0:00  SCV  
  13  0:13  SCV  
  14  0:18  Supply Depot  
  14  0:25  SCV  
  15  0:39  SCV  
  15  0:40  Barracks  
  16  0:45  Refinery  
  16  0:51  SCV  
  17  1:03  SCV  
  18  1:16  Engineering Bay  
  18  1:19  SCV  
  19  1:40  Orbital Command, Reaper  
  20  1:58  Command Center  
  19  2:04  Supply Depot  
  19  2:08  SCV  
  20  2:12  Marine  
  21  2:20  SCV  
  22  2:26  Factory  
  22  2:27  Refinery  
  22  2:30  Marine  
  22  2:34  Bunker  
  22  2:36  SCV  
  23  2:48  SCV  
  23  2:49  Marine  
  25  3:00  SCV  
  26  3:10  Barracks Reactor  
  26  3:12  SCV  
  27  3:14  Orbital Command  
  27  3:16  Refinery  
  27  3:24  SCV  
  27  3:27  Factory Tech Lab  
  28  3:29  Starport  
  28  3:36  SCV  
  29  3:41  SCV  
  29  3:47  Cyclone  
  33  3:48  SCV  
  33  3:54  Marine x2  
  34  4:01  SCV  
  30  4:12  Marine  
  30  4:15  SCV  
  32  4:25  SCV  
  32  4:27  SCV, Marine  
  32  4:29  Starport Tech Lab  
  32  4:30  Marine  
  36  4:32  Siege Tank  
  36  4:37  SCV  
  40  4:39  SCV  
  41  4:45  Marine  
  41  4:48  Marine  
  41  4:49  SCV  
  41  4:51  SCV  
  45  4:53  Supply Depot  
  45  5:12  Mag-Field Accelerator  
  43  5:14  Cyclone  
  45  5:30  Factory  
  45  5:38  Barracks  
  45  5:39  Barracks  
  45  5:42  SCV  
  46  5:53  Cyclone  
  46  5:57  SCV  
  45  6:18  Viking x2  
  47  6:26  SCV  
  47  6:31  Cyclone  
  50  6:35  SCV  
  51  6:40  Barracks Tech Lab  
  51  6:42  Barracks Reactor  
  51  6:46  Command Center  
  51  6:50  Factory Tech Lab  
  49  7:02  Viking  
  51  7:17  Cyclone  
  51  7:38  Cyclone  
  54  7:57  Viking x2  
  59  7:58  Cyclone  
  59  8:01  Marine  
  60  8:26  Orbital Command  
  60  8:27  SCV x2  
  60  8:31  Viking x2  
  66  8:39  SCV  
  64  9:00  Cyclone  
  67  9:03  Marine x2  
  67  9:04  Stimpack  
  67  9:08  Marine x2  
  68  9:11  SCV  
  69  9:23  SCV x2  
  67  9:31  Viking  
  69  9:39  Marine x3, Cyclone  
  64  10:05  Cyclone  
  64  10:06  Viking  
  66  10:08  Bunker  
  66  10:11  Cyclone  
  69  10:19  Marine x2  
  69  10:20  Marine  
  69  10:21  Marine  
  68  10:37  Marine  
  68  10:38  Cyclone  
  65  10:43  Cyclone  
  65  10:49  SCV x3  
  71  10:50  Marine  
  69  11:10  Cyclone  
  66  11:15  Cyclone  
  66  11:17  Marine  
Tags
 
Add a new tag
Caveats
  • Supply blocks, unpowered buildings, or Contaminate may cause inaccurate times.
  • Supply counts are checked every 10 seconds.